[Event "*** Titled Tuesday 3|2 Blitz"]
[Site "Chess.com"]
[Date "2015.11.03"]
[Round "1"]
[White "SenseiJulio"]
[Black "TomsKantans"]
[Result "1-0"]
[WhiteElo "2625"]
[BlackElo "2250"]
[TimeControl "180+2"]
[EndTime "11:11:47 PST"]
[Termination "SenseiJulio won on time"]

1. d4 Nf6 2. c4 c5 3. d5 e6 4. Nc3 exd5 5. cxd5 d6 6. e4 g6 7. f4 Bg7 8. Bb5+ Nfd7 9. Nf3 O-O 10. O-O a6 11. Bd3 b5 12. Kh1 Re8 13. f5 Ne5 14.
Bg5 Bf6 15. Nxe5 Rxe5 16. fxg6 Rxg5 17. gxf7+ Kf8 18. Qe1 Nd7 19. Qh4 Rg7 20. Qh6 Qe7 21.
e5 Bxe5 22. Bxh7 Qg5 23. Qh3 Nf6 24. Bf5 Bxf5 25. Rxf5 Qg6 26. Ne4 Ke7 27. Nxf6 Bxf6 28.
Re1+ Kxf7 29. Re6 Re8 30. Rfxf6+ Qxf6 31. Qh5+ Rg6 32. Rxf6+ Kxf6 33. h3 Re5 34. Qh4+ Kf5 35. Qh5+ Rg5 36. Qf7+ Ke4 37. Qf3+ Kd4 38. Qd1+ Kc4 39.
Qb3+ Kd4 40. Qd1+ Kc4 41. Qc2+ Kxd5 42. Qd3+ Kc6 43. Kh2 Rd5 44. Qf3 c4 45. Qf8 Rge5 46. Qc8+ Kb6 47. Qd8+ Kc5 48. Qc7+ Kd4 49. Qb6+ Kd3 50.
Qxa6 Kc2 51. Qa3 Rd3 52. Qb4 Rd2 53. Qc3+ Kd1 54. h4 Ree2 55. Qf3 Rxb2 56. h5 Rxa2 57. h6 Ra7 58. Qf5 Re5 59. Qf3+ Kd2 60. Qf2+ Re2 61.
Qxa7 c3 62. Qd4+ Kc2 63. h7 Re8 64. Qxd6 Rh8 65. Qg6+ Kb2 66. Qg7 Rxh7+ 67. Qxh7 c2 68. Qg7+ Kb1 69. Qg6 b4 70. Qd3 Kb2 71. Qd4+ Ka2 72.
Qc4+ b3 73. g4 Kb2 74. Qd4+ Kb1 75. Qd3 Kb2 76. Qd2 Kb1 77. Qd3 Kb2 78. Qe2 Kb1 79. Qe4 Kb2 80. Qd4+ Kb1 81. Qc3 b2 82. Qd3 Kc1 83.
Qe3+ Kb1 84. Qe4 1-0

[Event "*** Titled Tuesday 3|2 Blitz"]
[Site "Chess.com"]
[Date "2015.11.03"]
[Round "1"]
[White "dretch"]
[Black "Goala"]
[Result "0-1"]
[WhiteElo "2470"]
[BlackElo "2233"]
[TimeControl "180+2"]
[EndTime "11:11:48 PST"]
[Termination "Goala won by resignation"]

1. d4 e6 2. c4 Nf6 3. Nc3 c5 4.
Qc2 cxd4 5. Ne4 Nc6 6. Nxf6+ Qxf6 7.
a3 e5 8. g3 d6 9. Bg2 Bf5 10.
Qb3 Qe7 11. Nf3 g6 12. Nh4 Be6 13. O-O Bg7 14. f4 f5 15. Nf3 O-O 16. Ng5 e4 17. Bd2 Bc8 18. c5+ Kh8 19. cxd6 Qf6 20. g4 h6 21. Qh3 fxg4 22. Qh4 Kg8 23. Bxe4 hxg5 24. Bd5+ Be6 25. fxg5 Qe5 26. Bg2 Qxd6 27. Rfd1 Bd5 28. Qxg4 Bxg2 29. Qxg2 Rae8 30. Rac1 Qe5 31. Re1 Qe4 32.
Qg3 Be5 33. Qb3+ Kg7 34. h3 b6 35. Rf1 Bc7 36. Rf6 Rxf6 37. gxf6+ Kxf6 38. Rf1+ Ke7 39. Qf7+ Kd8 40. Rc1 Qxe2 41. Qf6+ Kc8 42. Qxc6 Qh2+ 43.
Kf1 Rf8+ 44. Ke1 Qg1+ 45. Ke2 Qg2+ 46. Kd3 Qxc6 47. Rxc6 Kb7 48. Rxg6 Rf3+ 49. Kxd4 Rxh3 50. Kc4 Rh4+ 51. Kb3 Rh3+ 52. Kc2 Rh2 53. Rg7 Kc6 54. Rg5 Rxd2+ 55. Kc3 Rd5 56. Rg6+ Bd6 57. a4 Rf5 58.
b4 Rf3+ 59. Kc2 Kd5 60. Rg5+ Kc4 61. Rg4+ Rf4 62. Rg7 Bxb4 63. Rxa7 Rf2+ 64. Kd1 Ba5 65. Rg7 Kb3 66. Rg4 Rd2+ 67. Kc1 Ra2 68. Kd1 Ra1+ 69.
Ke2 Rxa4 70. Rg5 Ra2+ 71. Kd3 Rd2+ 72. Ke3 Rd7 73. Ke4 Ka4 74. Rg1 Bb4 75. Rb1 b5 76.
Ke3 Bc3 77. Ke2 b4 78. Rc1 Kb3 79. Rh1 Rd2+ 80. Ke3 Rd7 81. Rh5 Kc2 82. Rh2+ Bd2+ 83. Ke2 b3 84. Rh8 Re7+ 85. Kf3 b2 86. Rc8+ Bc3 87.
Rh8 b1=Q 88. Rh2+ Bd2 0-1

[Event "*** Titled Tuesday 3|2 Blitz"]
[Site "Chess.com"]
[Date "2015.11.03"]
[Round "1"]
[White "Aygehovit1992"]
[Black "WanderingPuppet"]
[Result "0-1"]
[WhiteElo "2477"]
[BlackElo "2223"]
[TimeControl "180+2"]
[EndTime "11:12:34 PST"]
[Termination "WanderingPuppet won by resignation"]

1. e4 c5 2. Nf3 d6 3. d4 cxd4 4. Nxd4 Nf6 5. Nc3 a6 6. h3 e6 7. g4 Be7 8. Bg2 Nfd7 9. Be3 Nc6 10. Qe2 Nb6 11. O-O-O Bd7 12. f4 Rc8 13. Nxc6 Bxc6 14.
e5 d5 15. f5 Nc4 16. Bd4 Bg5+ 17. Kb1 b5 18. h4 Bxh4 19. f6 gxf6 20. exf6 Bxf6 21.
Bxf6 Qxf6 22. Rhf1 Qe5 23. Qf2 O-O 24. Rde1 Qg7 25.
Rh1 b4 26. Nd1 Rb8 27. Rh3 a5 28. Reh1 a4 29. Rxh7 Qxh7 30. Rxh7 Kxh7 31. Qh4+ Kg7 32. Qg5+ Kh7 33. Nf2 b3 34. cxb3 axb3 35. a3 Rg8 36. Qh5+ Kg7 37. Nh3 Rh8 38. Qg5+ Kf8 39. Qf6 Rg8 40. Ng5 Rxg5 41. Qxg5 Nd6 42. Qf4 Ke7 43. g5 Kd7 44. a4 Ra8 45. Qg3 Bxa4 46. Qf4 Bb5 47. Kc1 Rc8+ 48. Kd1 Rc2 49. Bh3 Rxb2 50. Qd4 Rb1+ 51. Kd2 Ne4+ 52. Ke3 Re1+ 53. Kf3 Nxg5+ 54. Kf2 Re2+ 55. Kg3 Nxh3 56. Qa7+ Kc6 57. Qa8+ Kc5 58. Qa7+ Kb4 59. Qd4+ Bc4 60. Qb6+ Kc3 61. Qa5+ Kc2 62. Kxh3 b2 63. Qa4+ Bb3 64. Qc6+ Kd1 65. Qc5 b1=Q 66. Qg1+ Kc2 67. Qc5+ Bc4 68. Qa7 Qb3+ 69. Kh4 Rh2+ 70. Kg5 Qg3+ 71. Kf6 Qf4+ 72. Ke7 Qg5+ 73. Kd7 Qd2 74.
Qa4+ Bb3 75. Qc6+ Qc3 76. Qd6 Rd2 77. Qf4 e5 78. Qf5+ Rd3 79. Qf2+ Qd2 80. Qc5+ Rc3 81. Qd6 e4 82. Qe5 e3 83. Qf5+ Qd3 84. Qh3 Qb5+ 85. Ke7 Qb7+ 86. Kf6 Rc6+ 87. Ke5 Qe7+ 88. Kf4 Qe4+ 89.
Kg3 e2 90. Kh2 Rc3 91. Qh8 Qf4+ 92. Kg2 Qf3+ 93. Kh2 Qg3+ 0-1

[Event "*** Titled Tuesday 3|2 Blitz"]
[Site "Chess.com"]
[Date "2015.11.03"]
[Round "2"]
[White "PowerThinking2650"]
[Black "Rating-Schmating"]
[Result "1-0"]
[WhiteElo "2105"]
[BlackElo "1944"]
[TimeControl "180+2"]
[EndTime "11:15:52 PST"]
[Termination "PowerThinking2650 won by checkmate"]

1. e4 e6 2. d4 d5 3. Nd2 Nf6 4.
e5 Nfd7 5. Bd3 c5 6. c3 Nc6 7.
Ne2 Be7 8. O-O O-O 9. f4 f6 10.
Nf3 f5 11. Be3 b6 12. h3 a5 13. g4 g6 14. gxf5 gxf5 15. Kh2 Kh8 16. Rg1 Rg8 17.
Qd2 Ba6 18. Bxa6 Rxa6 19. Rxg8+ Qxg8 20. Rg1 Qf7 21. Ng5 Bxg5 22. fxg5 Ra8 23. Nf4 Re8 24. g6 hxg6 25. Nxg6+ Kh7 26. Qf2 Rg8 27. Qh4+ Kg7 28. Qh6# 1-0

[Event "*** Titled Tuesday 3|2 Blitz"]
[Site "Chess.com"]
[Date "2015.11.03"]
[Round "2"]
[White "cassoulet"]
[Black "ruifeng"]
[Result "0-1"]
[WhiteElo "2229"]
[BlackElo "2179"]
[TimeControl "180+2"]
[EndTime "11:17:22 PST"]
[Termination "ruifeng won by resignation"]

1. e4 e6 2. d4 d5 3. Nc3 Nf6 4. e5 Nfd7 5. f4 c5 6. Nf3 Nc6 7. Be3 Be7 8. Qd2 a6 9. Bd3 b5 10. O-O Qb6 11. dxc5 Bxc5 12. Bxc5 Nxc5 13. Kh1 Nxd3 14.
cxd3 O-O 15. f5 exf5 16. Nxd5 Qc5 17. Nf6+ gxf6 18. Rac1 Qb4 19. Qh6 Nxe5 20. Qxf6 Ng6 21. Rc7 Qf4 22. Rc6 Bb7 23. Rcc1 Bxf3 24. gxf3 Rac8 25.
Rce1 Rc2 0-1

[Event "*** Titled Tuesday 3|2 Blitz"]
[Site "Chess.com"]
[Date "2015.11.03"]
[Round "2"]
[White "Sadovsky_Artem"]
[Black "ZEN-22"]
[Result "1-0"]
[WhiteElo "2472"]
[BlackElo "2174"]
[TimeControl "180+2"]
[EndTime "11:17:37 PST"]
[Termination "Sadovsky_Artem won by resignation"]

1. e4 d6 2. Nf3 Nd7 3. Nc3 e5 4. Bc4 g6 5. d4 Bg7 6. dxe5 Nxe5 7. Nxe5 Bxe5 8. O-O Nf6 9. f4 Bxc3 10. bxc3 O-O 11. e5 dxe5 12. Qxd8 Rxd8 13. fxe5 Nd5 14. Bg5 Rd7 15. Rae1 c6 16. e6 Rc7 17. exf7+ Rxf7 18.
Re8+ Kg7 19. Bh6+ Kxh6 20. Rxf7 Be6 21. Rxe6 Nb6 22. Bb3 Rd8 23. Ree7 Kg5 24. g3 h5 25. Rf4 Rd2 26. Rxb7 c5 27. Rxa7 c4 28. Ra5+ Kh6 29.
Bxc4 Rxc2 30. Bb3 Rxc3 31. Ra6 Nd7 32. Rc4 Rd3 33. Rcc6 Ne5 34. Re6 Re3 35. Rxe5 Rxe5 36. Kf2 h4 37. Bc2 h3 38. Rxg6+ Kh5 39. g4+ Kh4 40.
Rh6+ Kxg4 41. Bd1+ Kf4 42. Rh4+ Kg5 43. Rh5+ Kf6 44.
Rxe5 Kxe5 45. Bg4 Kd4 46. Bxh3 Kc5 47. Bf1 1-0

[Event "*** Titled Tuesday 3|2 Blitz"]
[Site "Chess.com"]
[Date "2015.11.03"]
[Round "2"]
[White "igorkovalenko"]
[Black "Danirod"]
[Result "1-0"]
[WhiteElo "2515"]
[BlackElo "2421"]
[TimeControl "180+2"]
[EndTime "11:17:41 PST"]
[Termination "igorkovalenko won by resignation"]

1. d4 Nf6 2. Nf3 e6 3. e3 c5 4.
Bd3 Nc6 5. O-O d5 6. b3 Bd6 7. Bb2 Qc7 8. dxc5 Bxc5 9. Nbd2 b6 10. a3 Bb7 11. b4 Bd6 12. Rc1 Rd8 13. Qe2 e5 14. e4 d4 15. c3 dxc3 16. Rxc3 Qd7 17.
Bb5 O-O 18. Rfc1 Rc8 19. Nc4 Bb8 20. Ncxe5 Bxe5 21. Nxe5 Nd4 22. Nxd7 Nxe2+ 23. Bxe2 Nxd7 24. Rc7 Bxe4 25. Rxd7 Rxc1+ 26. Bxc1 Rc8 27. Be3 f5 28. f3 Bc6 1-0

[Event "*** Titled Tuesday 3|2 Blitz"]
[Site "Chess.com"]
[Date "2015.11.03"]
[Round "2"]
[White "Blitzstream"]
[Black "BjarkeSahl"]
[Result "0-1"]
[WhiteElo "2396"]
[BlackElo "2160"]
[TimeControl "180+2"]
[EndTime "11:17:49 PST"]
[Termination "BjarkeSahl won by resignation"]

1. e4 c5 2. Nf3 Nc6 3. Bb5 Nf6 4.
Nc3 Nd4 5. e5 Nxb5 6. Nxb5 a6 7.
exf6 axb5 8. fxg7 Bxg7 9. O-O O-O 10. d4 b6 11. Be3 d6 12. Qd2 Bb7 13. Bh6 Kh8 14.
Bxg7+ Kxg7 15. Nh4 e6 16. Qf4 Kh8 17. Nf3 Qe7 18.
Rfe1 Rg8 19. Re3 Rg7 20. g3 Rag8 21. Qg4 Rxg4 0-1

[Event "*** Titled Tuesday 3|2 Blitz"]
[Site "Chess.com"]
[Date "2015.11.03"]
[Round "2"]
[White "Frolyanov_D"]
[Black "xdb"]
[Result "1-0"]
[WhiteElo "2299"]
[BlackElo "2102"]
[TimeControl "180+2"]
[EndTime "11:18:14 PST"]
[Termination "Frolyanov_D won by resignation"]

1. d4 Nf6 2. c4 e6 3. Nf3 d5 4.
Nc3 Be7 5. Bf4 O-O 6. e3 Nbd7 7. c5 Nh5 8. Bd3 c6 9. O-O Nxf4 10. exf4 b6 11.
b4 a5 12. a3 Ba6 13. Bxa6 Rxa6 14. Re1 b5 15. Qe2 Qc7 16. f5 Bf6 17. fxe6 fxe6 18. Qxe6+ Kh8 19. Nxb5 Qb8 20. Nd6 1-0

[Event "*** Titled Tuesday 3|2 Blitz"]
[Site "Chess.com"]
[Date "2015.11.03"]
[Round "2"]
[White "Zkid"]
[Black "MITerryble"]
[Result "0-1"]
[WhiteElo "2321"]
[BlackElo "2581"]
[TimeControl "180+2"]
[EndTime "11:18:27 PST"]
[Termination "MITerryble won by resignation"]

1. e4 e6 2. d4 d5 3. Nc3 Nf6 4. e5 Nfd7 5. f4 c5 6. Nf3 Nc6 7. Be3 Be7 8. Qd2 O-O 9. O-O-O c4 10. f5 b5 11. Ng5 b4 12. Nb1 exf5 13. e6 Nf6 14.
exf7+ Kh8 15. c3 Qa5 16. a3 bxa3 17. Nxa3 Bxa3 18. bxa3 Rb8 19. Re1 Qxa3+ 20. Kd1 Rb1+ 21. Ke2 Rb2 22. Rc1 Rxd2+ 23. Bxd2 h6 24. h4 Nd8 25. g3 Nxf7 26. Bg2 Kg8 27. Nxf7 Rxf7 28. Ra1 Qe7+ 29. Kd1 Ne4 30. Bxe4 fxe4 31. Bf4 e3 32. Re1 Bg4+ 33. Kc1 Qe4 34. Bxe3 Qd3 35. Bd2 Rf2 36. Ra2 Rxd2 37. Re8+ Kf7 0-1

[Event "*** Titled Tuesday 3|2 Blitz"]
[Site "Chess.com"]
[Date "2015.11.03"]
[Round "2"]
[White "Mugzyyy"]
[Black "StoreySniper"]
[Result "1-0"]
[WhiteElo "2461"]
[BlackElo "2148"]
[TimeControl "180+2"]
[EndTime "11:18:46 PST"]
[Termination "Mugzyyy won on time"]

1. d4 g6 2. h4 Bg7 3. h5 c5 4. h6 Bxd4 5. e4 e6 6. Nf3 Bf6 7. e5 Be7 8. Bf4 Nc6 9. Nc3 Qa5 10. Qd2 f6 11. O-O-O fxe5 12. Nxe5 Nd4 13. Nc4 Qd8 14. Nd6+ Kf8 15. Nce4 Nf6 16. Be5 Nf5 17. g4 Nxd6 18.
Nxd6 Nd5 19. Bc4 Nb6 20. Qf4+ 1-0

[Event "*** Titled Tuesday 3|2 Blitz"]
[Site "Chess.com"]
[Date "2015.11.03"]
[Round "2"]
[White "oggy1984"]
[Black "FrankieJay"]
[Result "1-0"]
[WhiteElo "2274"]
[BlackElo "2159"]
[TimeControl "180+2"]
[EndTime "11:18:50 PST"]
[Termination "oggy1984 won by resignation"]

1. d4 d5 2. c4 c6 3. Nf3 Nf6 4. Nc3 a6 5. c5 Bf5 6. Bf4 Nbd7 7. e3 g6 8. b4 Bg7 9. Be2 O-O 10. O-O Ne4 11.
Qb3 Bg4 12. Rfd1 Bxf3 13. Bxf3 Nxc3 14. Qxc3 e5 15. dxe5 Qe7 16. Rab1 Nxe5 17. Bxe5 Bxe5 18. Qc2 Qf6 19. a4 Rfe8 20. b5 axb5 21. axb5 Ra5 22. bxc6 bxc6 23. Rb6 Rea8 24. Bxd5 Ra2 25. Bxa2 1-0

[Event "*** Titled Tuesday 3|2 Blitz"]
[Site "Chess.com"]
[Date "2015.11.03"]
[Round "2"]
[White "AnastasiaProtopopova"]
[Black "1random"]
[Result "0-1"]
[WhiteElo "1777"]
[BlackElo "1908"]
[TimeControl "180+2"]
[EndTime "11:18:56 PST"]
[Termination "1random won on time"]

1. Nf3 Nf6 2. c4 e6 3. Nc3 d5 4. d4 dxc4 5. e3 a6 6. Bxc4 b5 7. Bb3 Bb7 8. O-O Nbd7 9. e4 Nxe4 10. Nxe4 Bxe4 11. Re1 Nf6 12. Bg5 Bd5 13. Bxd5 Qxd5 14.
Re5 Qd7 15. Qd2 Be7 16. Rc1 O-O 17. Qa5 Nd5 18. Bxe7 Qxe7 19. Rc6 Qd7 20. Rxa6 Qc6 21. Rxc6 Rxa5 22. a3 h6 23. h3 Rb8 24. Nd2 b4 25. Nb3 bxa3 0-1

[Event "*** Titled Tuesday 3|2 Blitz"]
[Site "Chess.com"]
[Date "2015.11.03"]
[Round "2"]
[White "Dlugy"]
[Black "LADIESGET2KNOWME"]
[Result "1-0"]
[WhiteElo "2562"]
[BlackElo "2240"]
[TimeControl "180+2"]
[EndTime "11:19:07 PST"]
[Termination "Dlugy won by resignation"]

1. d4 Nf6 2. c4 g6 3. Nc3 Bg7 4. e4 d6 5. f3 O-O 6. Be3 e5 7. d5 Nh5 8. Qd2 Qh4+ 9. Bf2 Qe7 10.
O-O-O f5 11. Kb1 Nd7 12. Nge2 Ndf6 13. Bh4 h6 14. Ka1 g5 15. Be1 fxe4 16. fxe4 Ng4 17.
Ng3 Nf4 18. h3 Nf6 19. Nf5 Bxf5 20. exf5 e4 21. Bf2 Rae8 22. Re1 Qd7 23. g4 c5 24. Be3 Qc7 25. Bxf4 gxf4 26. Qxf4 Qa5 27. Rc1 Nd7 28. h4 Re5 29. Bh3 Nb6 30. g5 hxg5 31. hxg5 Nxc4 32. f6 Qb4 33. Rh2 e3 34. Be6+ Rxe6 35. dxe6 1-0

[Event "*** Titled Tuesday 3|2 Blitz"]
[Site "Chess.com"]
[Date "2015.11.03"]
[Round "2"]
[White "Aygehovit1992"]
[Black "jup1978"]
[Result "1-0"]
[WhiteElo "2480"]
[BlackElo "2197"]
[TimeControl "180+2"]
[EndTime "11:19:31 PST"]
[Termination "Aygehovit1992 won by resignation"]

1. e4 e5 2. Nf3 Nc6 3. Bb5 Bc5 4. d3 Nd4 5. Nxd4 Bxd4 6. O-O c6 7. Ba4 d6 8. c3 Bb6 9. Nd2 Nf6 10. Bc2 O-O 11.
a4 h6 12. Nc4 Bc7 13. d4 Re8 14. dxe5 dxe5 15. Qe2 Be6 16. b3 Qe7 17. Ba3 Bxc4 18. Qxc4 Bd6 19. Bxd6 Qxd6 20. Rad1 Qe6 21. Qxe6 Rxe6 22.
b4 Ree8 23. f3 Red8 24. a5 Kf8 25. Kf2 Ke7 26. Ke3 Rxd1 27. Rxd1 Rd8 28. Ra1 Nd7 29.
Bb3 f6 30. h4 Nf8 31. h5 Ne6 32. g3 a6 33. f4 Nc7 34. Rf1 Rf8 35. Bc4 Ne6 36.
Be2 Nc7 37. fxe5 fxe5 38. Rxf8 Kxf8 39. c4 Ke7 40. Bg4 Ne6 41. Bxe6 Kxe6 42. Kf3 Kf6 43. Kg4 Ke6 44. Kh4 Kf6 45. g4 Ke6 46. g5 Kf7 47.
Kg4 Ke6 48. c5 1-0

[Event "*** Titled Tuesday 3|2 Blitz"]
[Site "Chess.com"]
[Date "2015.11.03"]
[Round "2"]
[White "HansCoolNiemann"]
[Black "NMJeevanK"]
[Result "1-0"]
[WhiteElo "2135"]
[BlackElo "2220"]
[TimeControl "180+2"]
[EndTime "11:19:31 PST"]
[Termination "HansCoolNiemann won by resignation"]

1. d4 d5 2. c4 c6 3. Nf3 Nf6 4. e3 e6 5. Nbd2 Bb4 6. Bd3 O-O 7. a3 Bxd2+ 8. Bxd2 Nbd7 9. O-O Qc7 10. cxd5 exd5 11. Qc2 Re8 12. b4 Ne4 13. b5 Ndf6 14. bxc6 bxc6 15. Ne5 Bd7 16. Be1 Rxe5 17. dxe5 Qxe5 18. Rc1 Ng4 19. g3 Qh5 20. h4 Ne5 21. Bxe4 dxe4 22. Qxe4 Be6 23. f4 Ng6 24. Qxc6 Rf8 25. f5 Bxf5 26.
Rc5 Be4 27. Rxh5 Bxc6 28. Rc5 Be4 29. Bb4 Re8 30. Rfc1 f5 31. Rc8 Kf7 32. R1c7+ Re7 33. Bxe7 Nxe7 34. Rxa7 1-0

[Event "*** Titled Tuesday 3|2 Blitz"]
[Site "Chess.com"]
[Date "2015.11.03"]
[Round "2"]
[White "kleinebeer98"]
[Black "bugsbunny444"]
[Result "1-0"]
[WhiteElo "2243"]
[BlackElo "2352"]
[TimeControl "180+2"]
[EndTime "11:19:35 PST"]
[Termination "kleinebeer98 won by resignation"]

1. e4 e6 2. d4 d5 3. Nd2 Nf6 4. e5 Nfd7 5. f4 c5 6. Ngf3 Nc6 7. Nb3 cxd4 8. Nbxd4 Nc5 9. Be2 Be7 10. O-O O-O 11. Be3 Bd7 12. c4 dxc4 13. Bxc4 Rc8 14. a3 Nxd4 15. Nxd4 Na4 16. Bd3 Nxb2 17. Bxh7+ Kxh7 18. Qb1+ g6 19. Qxb2 Bc5 20. Rf3 Kg7 21. f5 Qb6 22. f6+ Kg8 23. Qf2 Rfd8 24. Qh4 Qb2 25. Rd1 Ba4 26. Rh3 1-0

[Event "*** Titled Tuesday 3|2 Blitz"]
[Site "Chess.com"]
[Date "2015.11.03"]
[Round "2"]
[White "Er_is_geen_hoop_meer"]
[Black "JammyDodger91"]
[Result "1-0"]
[WhiteElo "2420"]
[BlackElo "2222"]
[TimeControl "180+2"]
[EndTime "11:19:55 PST"]
[Termination "Er_is_geen_hoop_meer won by checkmate"]

1. d4 d5 2. c4 e6 3. Nf3 c5 4. cxd5 exd5 5. g3 Nc6 6. Bg2 Nf6 7. O-O Be7 8. Nc3 O-O 9. dxc5 Bxc5 10. Na4 Be7 11. Be3 Bg4 12. Rc1 Re8 13. Re1 Bb4 14.
Bd2 Bf8 15. Bg5 d4 16. Nc5 Bxc5 17. Rxc5 h6 18. Bf4 Qb6 19. Qc1 d3 20. exd3 Bxf3 21. Rxe8+ Rxe8 22. Bxf3 Nd4 23. Kg2 Nxf3 24. Kxf3 Qd8 25.
Qc4 b6 26. Rc7 Nd5 27. Rxa7 g5 28. Bd2 Qf6+ 29. Kg2 Re2 30. Qxd5 Qxf2+ 31. Kh3 Rxd2 32. Ra8+ Kg7 33. Qe5+ f6 34. Qe7+ Kg6 35. Qe8+ Kf5 36. Qe4# 1-0

[Event "*** Titled Tuesday 3|2 Blitz"]
[Site "Chess.com"]
[Date "2015.11.03"]
[Round "2"]
[White "GrigorGrigorov"]
[Black "spectralsoul"]
[Result "1/2-1/2"]
[WhiteElo "2437"]
[BlackElo "2478"]
[TimeControl "180+2"]
[EndTime "11:20:00 PST"]
[Termination "Game drawn by agreement"]

1. d4 d6 2. Nf3 Bg4 3. e4 Nd7 4. Be2 e5 5. c3 Ngf6 6. Nbd2 Be7 7.
O-O O-O 8. Re1 c6 9. Bd3 Qc7 10.
Nf1 Rfe8 11. h3 Bh5 12. Ng3 Bg6 13. Bg5 h6 14. Be3 Bf8 15. Qc2 b5 16. a4 a6 17.
b4 Qb7 18. Nd2 d5 19. f4 exd4 20. Bxd4 dxe4 21. Ndxe4 Nxe4 22. Bxe4 Bxe4 23. Nxe4 c5 24. bxc5 Qc6 25. axb5 axb5 26. Rxa8 Rxa8 27. Qf2 Rc8 28. f5 Nxc5 29. Qf3 Nxe4 30. Qxe4 Qxe4 31. Rxe4 f6 32. Kf2 Kf7 33. Kf3 Rc4 34. g4 b4 35. cxb4 Rxb4 36. Be3 Rb3 37. Rc4 Bd6 38. h4 Rb5 39. h5 Rb3 40. Ke4 Rb4 41. Rxb4 Bxb4 42. Kd5 1/2-1/2

[Event "*** Titled Tuesday 3|2 Blitz"]
[Site "Chess.com"]
[Date "2015.11.03"]
[Round "2"]
[White "BIG_Pirate"]
[Black "kikydu96"]
[Result "0-1"]
[WhiteElo "2259"]
[BlackElo "2255"]
[TimeControl "180+2"]
[EndTime "11:20:06 PST"]
[Termination "kikydu96 won by resignation"]

1. Nf3 Nf6 2. c4 c6 3. Nc3 d5 4. d4 dxc4 5. a4 Bg4 6. Ne5 Bh5 7. Nxc4 e6 8. Bg5 h6 9. Bh4 g5 10.
Bg3 Bb4 11. Qb3 a5 12. e3 Ne4 13. Bd3 Bg6 14. Qc2 Nxg3 15. hxg3 Bxd3 16. Qxd3 Nd7 17. Ke2 Qe7 18. g4 O-O-O 19. Rac1 Kb8 20. Rhd1 e5 21.
d5 Nc5 22. Qf5 Nb3 23. Rc2 Nd4+ 24. exd4 exd4+ 25. Kf1 dxc3 26. bxc3 cxd5 27. Rxd5 Rxd5 28. Qxd5 Rd8 29. Qe5+ Qxe5 30. Nxe5 Rc8 31. Nxf7 Rxc3 32. Rxc3 Bxc3 33. Nxh6 b5 34. Ke2 bxa4 35. Kd3 Bg7 36.
Nf7 a3 0-1

[Event "*** Titled Tuesday 3|2 Blitz"]
[Site "Chess.com"]
[Date "2015.11.03"]
[Round "2"]
[White "3f32"]
[Black "stefanodinn"]
[Result "1-0"]
[WhiteElo "2283"]
[BlackElo "2123"]
[TimeControl "180+2"]
[EndTime "11:20:09 PST"]
[Termination "3f32 won by checkmate"]

1. d4 Nf6 2. c4 c5 3. d5 g6 4. Nc3 Bg7 5. e4 O-O 6. Bd3 d6 7. h3 e6 8. Bg5 h6 9. Bd2 exd5 10.
exd5 a6 11. a4 Nbd7 12. Nf3 Re8+ 13. Kf1 Ne5 14. Nxe5 Rxe5 15. f4 Re8 16. g4 Bd7 17.
Kg2 h5 18. f5 hxg4 19. hxg4 Qc8 20. Qf3 b5 21. axb5 axb5 22. Rxa8 Qxa8 23. cxb5 c4 24. Bxc4 gxf5 25. g5 Ne4 26. Nxe4 fxe4 27. Qh5 Qa4 28.
Qh7+ Kf8 29. Bc3 Bxc3 30. bxc3 Qxc4 31. Qh8+ Ke7 32. Qf6+ Kf8 33. Rh8# 1-0

[Event "*** Titled Tuesday 3|2 Blitz"]
[Site "Chess.com"]
[Date "2015.11.03"]
[Round "2"]
[White "Saitama_Hero"]
[Black "dretch"]
[Result "0-1"]
[WhiteElo "2158"]
[BlackElo "2476"]
[TimeControl "180+2"]
[EndTime "11:20:15 PST"]
[Termination "dretch won by resignation"]

1. d4 d5 2. c4 c6 3. Nf3 Nf6 4.
Nc3 dxc4 5. a4 e6 6. e3 c5 7. Bxc4 Nc6 8. O-O cxd4 9. exd4 Be7 10. Qe2 O-O 11. Rd1 Nb4 12. Ne5 Bd7 13. Qf3 Bc6 14. Qg3 Kh8 15. Be3 Bd5 16. Nxd5 Nfxd5 17. Qf3 Kg8 18. a5 Rc8 19. b3 Nc2 20. Ra2 Ncxe3 21. fxe3 Nc3 22. Nxf7 Rxc4 23. Nxd8 Rxf3 24. gxf3 Rb4 25.
Nxe6 Nxd1 26. e4 Rxb3 27. Kg2 Rb2+ 28. Rxb2 Nxb2 29. e5 Nc4 30. f4 Nxa5 31. d5 Nc4 32. Kf3 a5 33. Ke4 a4 34. Kd4 a3 35. Kxc4 a2 0-1

[Event "*** Titled Tuesday 3|2 Blitz"]
[Site "Chess.com"]
[Date "2015.11.03"]
[Round "2"]
[White "TomsKantans"]
[Black "wanyaland"]
[Result "1-0"]
[WhiteElo "2275"]
[BlackElo "2243"]
[TimeControl "180+2"]
[EndTime "11:20:28 PST"]
[Termination "TomsKantans won by resignation"]

1. e4 c5 2. Nf3 d6 3. d4 cxd4 4.
Nxd4 Nf6 5. Nc3 a6 6. Be3 e5 7.
Nb3 Be6 8. f3 Nbd7 9. Qd2 b5 10.
g4 b4 11. Na4 h6 12. h4 d5 13.
exd5 Nxd5 14. O-O-O Qc7 15. Bd3 Nxe3 16. Qxe3 Be7 17.
Kb1 O-O 18. g5 h5 19. g6 Qc6 20. gxf7+ Bxf7 21. Rhg1 Qxa4 22. Qh6 1-0

[Event "*** Titled Tuesday 3|2 Blitz"]
[Site "Chess.com"]
[Date "2015.11.03"]
[Round "2"]
[White "manubibi"]
[Black "jbj"]
[Result "1-0"]
[WhiteElo "2446"]
[BlackElo "2295"]
[TimeControl "180+2"]
[EndTime "11:21:00 PST"]
[Termination "manubibi won on time"]

1. e4 d6 2. d4 Nf6 3. Nc3 e5 4. Nf3 Nbd7 5. g3 Be7 6. Bg2 O-O 7. O-O c6 8. Re1 b5 9. a3 Bb7 10. h3 a6 11. Bg5 Re8 12. Qd2 Qc7 13. Rad1 Rad8 14.
g4 Nb6 15. b3 c5 16. d5 b4 17. Nb1 a5 18. c4 bxc3 19. Nxc3 Ba6 20. Rc1 Qd7 21. Qc2 Rc8 22. Be3 Qb7 23. Nd2 Nfd7 24.
Bf1 Bxf1 25. Rxf1 Qa6 26. a4 c4 27. Nb5 cxb3 28. Qxb3 Rxc1 29. Rxc1 Rc8 30. Rc6 Qb7 31. Nxd6 Bxd6 32. Rxd6 Rb8 33. Bxb6 Nxb6 34. Nc4 Nd7 35.
Qxb7 Rxb7 36. Nxe5 Nf8 37. Nc6 g6 38. g5 Rb1+ 39. Kg2 Ra1 40. Rd8 Rxa4 41. d6 Rxe4 42. d7 1-0

[Event "*** Titled Tuesday 3|2 Blitz"]
[Site "Chess.com"]
[Date "2015.11.03"]
[Round "2"]
[White "VovAn1991"]
[Black "GMHess"]
[Result "1-0"]
[WhiteElo "2466"]
[BlackElo "2431"]
[TimeControl "180+2"]
[EndTime "11:21:06 PST"]
[Termination "VovAn1991 won by resignation"]

1. e4 e5 2. Nf3 Nc6 3. Bc4 Bc5 4.
O-O Nf6 5. d3 a6 6. Nbd2 Ba7 7. h3 h6 8. Re1 d6 9. c3 g5 10. d4 Qe7 11. Nf1 g4 12. hxg4 Nxg4 13. Bd5 Rg8 14. Ng3 exd4 15. cxd4 Nxd4 16. Nxd4 Qf6 17. Ngf5 Bxf5 18. exf5+ Kd8 19. Be3 Nxe3 20. fxe3 Rg3 21. Bf3 c6 22. Rc1 Kd7 23. Nxc6 bxc6 24. Bxc6+ Kd8 25. Bxa8 Rxe3 26. Rxe3 Bxe3+ 27. Kf1 Qxf5+ 28. Bf3 Qb5+ 29. Ke1 Qb4+ 30. Rc3 Qh4+ 31. Ke2 Qf2+ 32. Kd3 Bb6 33. Qe2 Qg1 34. Kc2 1-0

[Event "*** Titled Tuesday 3|2 Blitz"]
[Site "Chess.com"]
[Date "2015.11.03"]
[Round "2"]
[White "DeviatkinAndrey"]
[Black "GGuseinov"]
[Result "0-1"]
[WhiteElo "2496"]
[BlackElo "2528"]
[TimeControl "180+2"]
[EndTime "11:21:07 PST"]
[Termination "GGuseinov won by resignation"]

1. d4 Nf6 2. Nf3 g6 3. Bg5 Bg7 4. e3 d6 5. Nbd2 O-O 6. h3 Nbd7 7. Bc4 b6 8. Qe2 Bb7 9. Ba6 Qc8 10. Bxb7 Qxb7 11. O-O Rfe8 12. Rfd1 e5 13. dxe5 dxe5 14. e4 Nh5 15. Be3 Nf8 16. c3 Ne6 17. g3 h6 18.
Nh2 c5 19. Nc4 Qxe4 20. Nd6 Qc6 21. Nxe8 Rxe8 22. Qd3 Nhf4 23. gxf4 exf4 24. Bd2 c4 25. Qf3 Qb5 26. Bxf4 Qxb2 27. Ng4 Qxc3 28. Nxh6+ Kh7 29. Qxc3 Bxc3 30. Rac1 Nxf4 31. Kf1 Kxh6 32. Rxc3 b5 33. Rf3 g5 34. h4 f6 35. hxg5+ fxg5 36. Rd6+ Kh5 37. Ra6 Rd8 38. Ke1 Nd3+ 39. Kf1 c3 40. Rc6 b4 41. Rff6 Nf4 42. f3 Kh4 43. Kf2 Rd2+ 44.
Ke3 Nd5+ 0-1